 Dungeon Crawl Stone Soup version 0.27-a0-522-g46bbb28828 (webtiles) character file.

Game seed: 9354859549959952318

10 kae the Skirmisher (level 2, 27/27 HPs)
             Began as a Hill Orc Fighter on Mar 5, 2021.
             Quit the game on level 1 of the Dungeon.
             The game lasted 00:00:11 (725 turns).

kae the Skirmisher (Hill Orc Fighter)                Turns: 725, Time: 00:00:12

Health: 27/27      AC:  6    Str: 18    XL:     2   Next: 20%
Magic:  2/2        EV:  7    Int:  8    God:
Gold:   62         SH:  9    Dex: 10    Spells: 1/1 levels left

rFire    . . .     SeeInvis .   a - +0 war axe
rCold    . . .     Faith    .   c - +0 kite shield
rNeg     . . .     Spirit   .   b - +0 scale mail
rPois    .         Reflect  .   (no helmet)
rElec    .         Harm     .   (no cloak)
rCorr    .         Rampage  .   (no gloves)
Will     .....                  (no boots)
Stlth    ..........             (no amulet)
HPRegen  0.09/turn              (no ring)
MPRegen  0.08/turn              (no ring)

@: no status effects
A: no striking features
a: no special abilities


You were on level 1 of the Dungeon.
You visited 1 branch of the dungeon, and saw 1 of its levels.

You collected 62 gold pieces.

Inventory:

Hand Weapons
 a - a +0 war axe (weapon)
Armour
 b - a +0 scale mail (worn)
 c - a +0 kite shield (worn)
Jewellery
 f - a ring of fire
Scrolls
 e - 2 scrolls of identify {unknown}
 h - a scroll of noise {unknown}
Potions
 d - a potion of might
 g - 2 potions of haste {unknown}


   Skills:
 + Level 3.8 Fighting
 * Level 3.3 Axes
 + Level 3.4 Armour
 - Level 3.2 Shields


You had one spell level left.
You didn't know any spells.
Your spell library was empty.

Dungeon Overview and Level Annotations

Branches:
Dungeon (1/15)

Altars:


Message History

No target in view!
No target in view!
You now have 62 gold pieces (gained 11).
Found a chain mail.
No target in view!
No target in view!
A bat comes into view.
The bat hits you but does no damage. x2
You barely miss the bat. The bat hits you but does no damage. The bat hits you.
The bat closely misses you. The bat barely misses you.
A bat is nearby!
A bat is nearby!
You miss the bat. You block the bat's attack. The bat closely misses you.
You miss the bat. The bat hits you but does no damage.
A bat is nearby!
Your shield prevents you from hitting the bat.
You block the bat's attack. The bat hits you but does no damage. x2
You closely miss the bat. The bat completely misses you.
You block the bat's attack.
A bat is nearby!
You barely miss the bat. The bat hits you but does no damage.
You block the bat's attack. The bat hits you but does no damage.
You closely miss the bat. You block the bat's attack.
A bat is nearby!
You barely miss the bat. The bat hits you but does no damage.
You barely miss the bat. The bat hits you but does no damage. x2
The bat hits you.
A bat is nearby!
You hit the bat but do no damage. You block the bat's attack. x2
You slash the bat!
You kill the bat!
HP restored.
You see here a bat corpse.
e - 2 scrolls labelled UHEGAL KIYP (gained 1) Done exploring.
No target in view!
No target in view!
No target in view!
No target in view!
Are you sure you want to abandon this character and quit the game? (Confirm with "yes".)

####### #.. #..
########### #..
#.........######.#
#..............#..
#.........####.#..
#............#.#..
#..........###.#.#
#@.............#.#
#.........##...#.#
#.........+...†..#
#.........##...###
################
#########
#8≈≈≈≈≈§§
#......§§


There were no monsters in sight!

Vanquished Creatures
  A dart slug (D:1)
  A goblin (D:1)
  2 hobgoblins (D:1)
  2 bats (D:1)
  A frilled lizard (D:1)
  A kobold (D:1)
  A rat (D:1)
9 creatures vanquished.

Notes
Turn   | Place    | Note
-------+----------+-------------------------------------------
     0 | D:1      | kae the Hill Orc Fighter began the quest for the Orb.
     0 | D:1      | Reached XP level 1. HP: 19/19 MP: 1/1
   596 | D:1      | Reached XP level 2. HP: 27/27 MP: 2/2
   725 | D:1      | Quit the game

Illustrated notes

Levels and vault maps discovered:
D:1:      lightli_arrival_noodles, layout_basic, chequers_avenue,
          wad_floor_pattern_untrapped, minmay_distorted

Skill      XL: |  1 |
---------------+----+-----
Axes           | 3 |  3.3
Fighting       | |  3.8
Armour         | |  3.4
Shields        | |  3.2

Action                   || total
-------------------------++-------
Melee: War axe           ||    27
Armor: Scale mail        ||    18
Dodge: Dodged            ||     8
Block: Kite shield       ||    16

Table legend: (Time is in decaauts)
 A = Elapsed time spent in this place.
 B = Non-inter-level travel time spent in this place.
 C = Inter-level travel time spent in this place.
 D = Time resting spent in this place.
 E = Time spent auto-exploring this place.
 F = Levels seen in this place.
 G = Mean time per level.
                   A        B        C        D        E       F      G
               +--------+--------+--------+--------+--------+-----+--------+
         Total |    741 |    741 |      0 |      0 |    669 |   1 |  741.0 |
       Dungeon |    741 |    741 |      0 |      0 |    669 |   1 |  741.0 |
               +--------+--------+--------+--------+--------+-----+--------+

Top non-repeatable levels by time:
     D:1: 741 daAuts
